 Dungeon Crawl Stone Soup version 0.28.0 (webtiles) character file.

Game seed: 14925572649193454236

14 Ayyar the Vexing (level 2, -2/20 HPs)
             Began as a Gnoll Wanderer on Mar 31, 2022.
             Slain by Natasha (4 damage)
             ... on level 2 of the Dungeon.
             The game lasted 00:04:14 (1588 turns).

Ayyar the Vexing (Gnoll Wanderer)                   Turns: 1588, Time: 00:04:15

Health: -2/20      AC:  8    Str: 10    XL:     2   Next: 45%
Magic:  7/7        EV:  7    Int: 14    God:
Gold:   22         SH:  4    Dex:  9    Spells: 6/10 levels left

rFire   . . .      SeeInvis .   a - +0 club
rCold   . . .      Faith    .   c - +0 buckler
rNeg    . . .      Spirit   .   g - +0 scale mail
rPois   .          Reflect  .   (no helmet)
rElec   .          Harm     .   (no cloak)
rCorr   .          Rampage  .   b - +1 pair of gloves
Will    .....                   (no boots)
Stlth   ..........              (no amulet)
HPRegen 0.06/turn               (no ring)
MPRegen 0.10/turn               (no ring)

@: no status effects
A: fangs 1, strong nose, distributed training
a: no special abilities


You were on level 2 of the Dungeon.
You visited 1 branch of the dungeon, and saw 2 of its levels.

You collected 22 gold pieces.

Inventory:

Hand Weapons
 a - a +0 club (weapon)
Armour
 b - a +1 pair of gloves (worn)
 c - a +0 buckler (worn)
 g - a +0 scale mail (worn)
Scrolls
 f - a scroll of magic mapping {unknown}
Potions
 e - a potion of brilliance {unknown}


   Skills:
 + Level 0.4 Fighting
 + Level 0.4 Short Blades
 + Level 0.4 Long Blades
 + Level 0.4 Axes
 + Level 0.4 Maces & Flails
 + Level 0.4 Polearms
 + Level 0.4 Staves
 + Level 0.4 Slings
 + Level 0.4 Bows
 + Level 0.4 Crossbows
 + Level 0.4 Throwing
 + Level 0.4 Armour
 + Level 0.4 Dodging
 + Level 0.4 Stealth
 + Level 4.5 Shields
 + Level 0.4 Unarmed Combat
 + Level 4.9 Spellcasting
 + Level 0.2 Conjurations
 + Level 5.3 Hexes
 + Level 0.2 Summonings
 + Level 0.2 Necromancy
 + Level 0.2 Translocations
 + Level 0.2 Transmutations
 + Level 0.2 Fire Magic
 + Level 3.7 Ice Magic
 + Level 0.2 Air Magic
 + Level 0.2 Earth Magic
 + Level 0.2 Poison Magic
 + Level 0.5 Invocations
 + Level 2.5 Evocations


You had 6 spell levels left.
You knew the following spells:

 Your Spells              Type           Power      Damage    Failure   Level
a - Slow                  Hex            72%        N/A       19%         1
b - Freeze                Ice            52%        1d7       34%         1
c - Ensorcelled Hibernat  Hex/Ice        32%        N/A       36%         2

Your spell library contained the following spells:

 Spells                   Type           Power      Damage    Failure   Level
 Ozocubu's Armour         Ice            13%        N/A       71%         3
 Dazzling Flash           Conj/Hex       22%        N/A       83%         3


Dungeon Overview and Level Annotations

Branches:
Dungeon (2/15)

Altars:

Annotations:
D:2 Natasha


Innate Abilities, Weirdness & Mutations

You have very sharp teeth.
Your uncanny sense of smell can sniff out nearby items.
Your experience applies equally to all skills.


Message History

Natasha claws you.
You barely miss Natasha.
Natasha is moderately wounded.
Natasha casts a spell.
You barely miss Natasha. Your bite misses Natasha.
Natasha is moderately wounded.
Natasha claws you but does no damage.
You closely miss Natasha. You bite Natasha, but do no damage.
Natasha is moderately wounded.
Natasha casts a spell at you. The magic dart hits you! Natasha claws you.
The crimson imp blinks!
You completely miss Natasha.
Natasha is moderately wounded.
Natasha closely misses you.
You hit Natasha.
Natasha is heavily wounded.
The crimson imp shouts, "Disclaim thyself, thou fawning doghearted varlet!"
Natasha claws you.
* * * LOW HITPOINT WARNING * * *
You hit Natasha. Your bite misses Natasha.
Natasha is heavily wounded.
The crimson imp blinks!
You block the crimson imp's attack. Natasha completely misses you.
The crimson imp completely misses you.
The crimson imp hits you but does no damage.
The crimson imp blinks!
Natasha barely misses you.
Natasha is no longer moving slowly.
Natasha stares at you and mumbles some strange words.
The magic dart hits you.
* * * LOW HITPOINT WARNING * * *
Natasha casts a spell at you.
You feel as though you will be slow longer.
There is a stone staircase leading up here.
It was a potion of cancellation.
Your magical effects are unravelling.
You feel magically purged.
You feel yourself speed up.
The crimson imp disappears in a puff of smoke!
Natasha claws you.
You die...

### ### .. ..#
.. #.# #. #.#
#^ #.#
#.####.######.#
#...§.h@.......
#..##..####.#.#
#..##..#
#..##### ##..
#.#. ..#.# #.#
# ∆ #.#


You could see Natasha.

Vanquished Creatures
  2 dart slugs (D:1)
  An endoplasm (D:1)
  A giant cockroach (D:1)
  A hobgoblin (D:1)
  3 bats (D:1)
  2 frilled lizards (D:1)
  A goblin (D:1)
11 creatures vanquished.

Notes
Turn   | Place    | Note
-------+----------+-------------------------------------------
     0 | D:1      | Ayyar the Gnoll Wanderer began the quest for the Orb.
     0 | D:1      | Ayyar set off with the following items: a +0 club, a +0
                  | robe, a +0 buckler; and the following spells available to
                  | memorise: Slow, Freeze, Ensorcelled Hibernation, Ozocubu's
                  | Armour, Dazzling Flash
     0 | D:1      | Reached XP level 1. HP: 13/13 MP: 6/6
   585 | D:1      | Reached XP level 2. HP: 19/19 MP: 7/7
  1288 | D:1      | Learned a level 1 spell: Slow
  1290 | D:1      | Learned a level 1 spell: Freeze
  1293 | D:1      | Learned a level 2 spell: Ensorcelled Hibernation
  1568 | D:2      | Noticed Natasha
  1577 | D:2      | Noticed a crimson imp
  1586 | D:2      | HP: 1/20 [Natasha/magic dart (3)]
  1588 | D:2      | Slain by Natasha

Illustrated notes

Levels and vault maps discovered:
D:1:      sevenhm_arrival_forest_fort_large_2, layout_loops_ring
D:2:      minmay_door_path, layout_loops_ring, shapermc_ecumenical_altar_petra,
          minmay_strange_pillars, kennysheep_minor_cross, uniq_natasha

Action                   || total
-------------------------++-------
Melee: Club              ||    93
       Bite              ||     5
 Cast: Slow              ||     1
  Use: Potion            ||     1
Armor: Ring mail         ||    51
       Robe              ||     1
       Scale mail        ||     5
Dodge: Dodged            ||    66
Block: Buckler           ||    22
